 Dungeon Crawl Stone Soup version 0.28-a0-1404-g4df0f3684d (webtiles) character file.

Game seed: 7609129505497664319

73123 flotson the Fighter (level 15, -14/122 (126) HPs)
             Began as a Demonspawn Gladiator on Jan 6, 2022.
             Was an Initiate of Gozag.
             Demolished by a spriggan rider (37 damage)
             ... on level 5 of the Lair of Beasts.
             The game lasted 00:41:25 (21194 turns).

flotson the Fighter (Demonspawn Gladiator)         Turns: 21194, Time: 00:41:26

HP:   -14/122 (126) AC: 25    Str: 26    XL:     15   Next: 3%
MP:   0/15          EV:  9    Int: 10    God:    Gozag
Gold: 2803          SH:  0    Dex: 16    Spells: 14/14 levels left

rFire   + . .      SeeInvis .   a - +0 broad axe (drain)
rCold   + . .      Faith    .   (no shield)
rNeg    . . .      Spirit   .   V - +0 gold dragon scales
rPois   +          Reflect  .   c - +0 helmet
rElec   .          Harm     .   f - scarf {repulsion}
rCorr   +          Rampage  .   (gloves unavailable)
Will    +....                   (no boots)
Stlth   ..........              v - amulet of regeneration
HPRegen 1.10/turn               L - ring of resist corrosion
MPRegen 0.14/turn               I - +6 ring of strength

@: sanguine armoured, lightly drained, repel missiles
A: claws 3, ignite blood 2, spiny 2, sanguine armour 1
a: Renounce Religion, Potion Petition, Call Merchant, Bribe Branch


You were on level 5 of the Lair of Beasts.
You worshipped Gozag.
Gozag was most pleased with you.
You visited 3 branches of the dungeon, and saw 19 of its levels.
You also visited: Bailey.

You collected 5157 gold pieces.
You spent 2210 gold pieces at shops.
You paid 144 gold pieces to Gozag.

Inventory:

Hand Weapons
 a - a +0 broad axe of draining (weapon)
 b - a +2 vorpal fustibalus
Missiles
 o - 63 sling bullets
 r - 18 boomerangs
 u - 60 poisoned darts (quivered)
 y - a throwing net
 E - a curare-tipped dart
 F - 7 datura-tipped darts
 J - 4 atropa-tipped darts
Armour
 c - a +0 helmet (worn)
 f - a scarf of repulsion (worn)
 V - +0 gold dragon scales (worn)
Jewellery
 v - an amulet of regeneration (around neck)
 w - a ring of protection from cold
 x - a ring of flight
 I - a +6 ring of strength (right claw)
 L - a ring of resist corrosion (left claw)
Wands
 A - a wand of flame (74)
 D - a wand of acid (3)
 G - a wand of polymorph (7)
 H - a wand of digging (8)
 M - a wand of iceblast (11)
 O - a wand of paralysis (5)
Scrolls
 e - a scroll of torment {unknown}
 g - 2 scrolls of teleportation
 h - 2 scrolls of immolation {unknown}
 i - a scroll of brand weapon
 l - 2 scrolls of summoning {unknown}
 n - 2 scrolls of amnesia {unknown}
 p - 3 scrolls of magic mapping
 s - 2 scrolls of acquirement {unknown}
 t - 2 scrolls of enchant weapon {unknown}
 C - 2 scrolls of blinking
 P - 7 scrolls of fog
 T - a scroll of enchant armour {unknown}
Potions
 d - 6 potions of might
 j - a potion of lignification
 k - 6 potions of curing
 m - 3 potions of heal wounds
 q - 4 potions of cancellation
 z - 2 potions of attraction
 B - 2 potions of mutation
 K - a potion of haste
 N - 2 potions of berserk rage
 R - 2 potions of ambrosia
 S - a potion of resistance
Miscellaneous
 Q - a phantom mirror


   Skills:
 + Level 14.0 Fighting
 + Level 10.7 Axes
 + Level 10.5 Throwing
 + Level 10.3 Armour
 + Level 10.8 Dodging
 + Level 6.4 Evocations


You had 14 spell levels left.
You didn't know any spells.
Your spell library contained the following spells:

 Spells                   Type           Power      Damage    Failure   Level
 Beastly Appendage        Tmut           0%         N/A       100%        1
 Freeze                   Ice            0%         1d3       100%        1
 Pain                     Necr           0%         1d4       100%        1
 Ensorcelled Hibernation  Hex/Ice        0%         N/A       100%        2
 Static Discharge         Conj/Air       0%         N/A       100%        2
 Wereblood                Tmut           0%         N/A       100%        2
 Frozen Ramparts          Ice            0%         1d2       100%        3
 Spider Form              Tmut/Pois      0%         N/A       100%        3
 Summon Guardian Golem    Hex/Summ       0%         N/A       100%        3
 Animate Armour           Summ/Erth      0%         N/A       100%        4
 Dispel Undead            Necr           0%         3d6       100%        4
 Hailstorm                Conj/Ice       0%         3d3       100%        4
 Sticky Flame             Conj/Fire      0%         2d3       100%        4
 Agony                    Necr           0%         N/A       100%        5
 Blade Hands              Tmut           0%         N/A       100%        5
 Excruciating Wounds      Necr           0%         N/A       100%        5
 Fireball                 Conj/Fire      0%         3d3       100%        5
 Irradiate                Conj/Tmut      0%         3d13      100%        5
 Iron Shot                Conj/Erth      0%         9d1       100%        6
 Starburst                Conj/Fire      0%         6d3       100%        6
 Dragon Form              Tmut           0%         N/A       100%        7
 Orb of Destruction       Conj           0%         N/A       100%        7
 Spellforged Servitor     Conj/Summ      0%         N/A       100%        7
 Ignition                 Fire           0%         3d3       100%        8


Dungeon Overview and Level Annotations

Branches:
Dungeon (12/15)            Temple (1/1) D:5            Lair (6/6) D:11
  Swamp (0/4) Lair:2       Spider (0/4) Lair:3        Slime (0/5) Lair:5
    Orc (0/2) D:10         Bailey (visited)

Altars:
Ashenzari
Cheibriados
Dithmenos
Elyvilon
Fedhas
Gozag
Hepliaklqana
Kikubaaqudgha
Makhleb
Nemelex Xobeh
Okawaru
Qazlal
Ru
Sif Muna
Trog
Uskayaw
Vehumet
Wu Jian
Xom
Yredelemnul
Zin
The Shining One

Shops:
D:2 ?   D:4 *   D:6 *(*(?   D:10 [   D:12 [

Annotations:
D:11 Mikheshra's ghost, journeyman NaCK
Lair:5 flotson's ghost, journeyman DsGl


Innate Abilities, Weirdness & Mutations

You have claws for hands.
Your demonic aura often causes spilled blood to erupt in flames.
You are mostly covered in sharp spines.
When seriously injured, your blood forms armour. (AC +6)


Message History

You enter the transporter and appear at another place.
You start resting.
You feel yourself speed up.
You start resting.
Your blood armour dries and flakes away.
You start resting.
The moth of wrath's fur bristles in rage as it notices you.
You recover from your berserk rage.
You start resting.
HP restored.
Flotson's ghost turns its malevolent gaze towards you.
There is a transporter here.
You enter the transporter and appear at another place.
Items here: $ ) [[.
The moth of wrath goads the spriggan rider on!
The spriggan rider goes berserk!
The spriggan rider is struck by your spines.
The spriggan rider hits you with a +0 antimagic trident.
You feel your power leaking away.
The moth of wrath bites you but does no damage.
The spriggan rider barely misses you. The moth of wrath bites you!
The spriggan rider is struck by your spines.
The spriggan rider hits you with a +0 antimagic trident!!!
Your blood congeals into armour.
You feel your power leaking away.
The spriggan rider hits you from afar with a +0 antimagic trident!!
The moth of wrath is engulfed in blazing flames.
The spriggan rider is engulfed in blazing flames.
The spriggan rider hits you from afar with a +0 antimagic trident!!
* * * LOW HITPOINT WARNING * * *
The spriggan rider is engulfed in blazing flames.
The spriggan rider hits you but does no damage.
The spriggan rider is engulfed in blazing flames.
The moth of wrath is engulfed in blazing flames.
The moth of wrath goads the spriggan rider on!
The spriggan rider goes berserk!
The spriggan rider is engulfed in blazing flames.
The spriggan rider hits you from afar with a +1 spear of flaming!!!
You die...
Your body crumbles into a pile of gold.

##..P##...##P.......##.#.##..##
#....##....#....©.....#####.#.#
#....##.......#####.........###
##...###.....###$©$###.......##
#....##.....####.$$..##...###.#
###..P......#..###°...#...#####
#.........##.##≈#y...##....##
#....PP...#..##.§○....#.....### #
#.....#...#©..@○i☼##..#.....#.#
###...#.#...#..##Wi.≈#..#......#.
..##....#...##.#≈#..##.##........
.............#####...###.........
......>......###......##.........
..............###...###......(...
................#####............
.......#...#.#....©..............
...#..##...#####....###.>......##


You could see 2 spriggan riders, a moth of wrath and flotson's ghost.

Vanquished Creatures
  A quicksilver ooze (Lair:5)
  2 vault guards (Bailey)
  7 hydras
  A boulder beetle (Lair:1)
  3 catoblepae (Lair:6)
  2 two-headed ogres
  11 death yaks
  Nergalle (D:10)
  An orb spider (Lair:3)
  2 lindwurms
  An oklob plant (D:9)
  2 manticores (Lair:6)
  An ugly thing (D:10)
  3 cyclopes
  5 elephants
  5 black mambas
  A moth of wrath (Lair:5)
  2 centaur zombies (D:10)
  A gargoyle (D:12)
  Maggie (Lair:2)
  A torpor snail (Lair:2)
  7 cane toads
  An unseen horror (D:11)
  3 rime drakes
  4 komodo dragons
  A troll (D:10)
  Grinder (D:3)
  3 polar bears
  4 dream sheep (Lair:6)
  Prince Ribbit (Bailey)
  3 slime creatures (Lair:5)
  16 blink frogs
  3 spriggans (Lair:5)
  2 humans (Bailey)
  A shadow (D:9)
  117 yaks
  A wraith (D:8)
  3 wyverns
  A steam dragon (D:8)
  4 basilisks
  23 water moccasins
  An acid dragon (D:10)
  2 sky beasts
  3 black bears
  3 orc warriors
  2 ice beasts (D:6)
  An ogre (D:5)
  3 necrophages
  3 centaurs
  A phantom (D:6)
  10 wolves
  A kobold brigand (D:6)
  Blork the orc (D:5)
  19 bullfrogs
  A wyvern zombie (D:4)
  A gnoll sergeant (D:10)
  42 killer bees
  3 wights (D:5)
  6 howler monkeys
  An electric eel (Lair:2)
  A lava snake (D:10)
  A bullfrog zombie (D:5)
  6 orc priests
  A gnoll shaman (D:7)
  A hound (D:7)
  7 jellies
  A bullfrog skeleton (D:6)
  3 iguanas
  10 orc wizards
  A hound skeleton (D:5)
  2 howler monkey zombies (D:9)
  15 gnolls
  13 adders
  A shadow imp (D:7)
  An adder skeleton (D:4)
  A worm (D:2)
  5 dart slugs
  41 orcs
  4 bats
  10 endoplasms
  3 giant cockroaches
  15 goblins
  6 hobgoblins
  2 jackals (D:3)
  4 quokkas
  4 ball pythons
  3 frilled lizards
  7 kobolds
  5 rats
531 creatures vanquished.

Vanquished Creatures (others)
  A wraith (D:10)
  8 bushes (Lair:6)
  26 fungi
  61 plants
96 creatures vanquished.

Grand Total: 627 creatures vanquished

Notes
Turn   | Place    | Note
-------+----------+-------------------------------------------
     0 | D:1      | flotson the Demonspawn Gladiator began the quest for the
                  | Orb.
     0 | D:1      | Reached XP level 1. HP: 16/16 MP: 1/1
     3 | D:1      | Noticed an electric eel
     4 | D:1      | Noticed an electric eel
   209 | D:1      | Gained mutation: You are partially covered in sharp spines.
                  | [demonic ancestry]
   209 | D:1      | Reached XP level 2. HP: 16/22 MP: 2/2
   558 | D:1      | Found a faded altar of an unknown god.
   684 | D:1      | Reached XP level 3. HP: 28/28 MP: 3/3
  1086 | D:2      | Reached skill level 1 in Armour
  1493 | D:2      | Reached XP level 4. HP: 34/34 MP: 4/4
  1798 | D:2      | Found an ornate altar of the Wu Jian Council.
  1913 | D:2      | Found Toawicak's Magic Scroll Boutique.
  1921 | D:2      | Bought a scroll of noise for 12 gold pieces
  2780 | D:3      | Noticed Grinder
  2971 | D:4      | Gained mutation: You have sharp fingernails. [demonic
                  | ancestry]
  2971 | D:4      | Reached XP level 5. HP: 34/40 MP: 5/5
  3041 | D:4      | Reached skill level 3 in Fighting
  3459 | D:3      | Reached XP level 6. HP: 39/47 MP: 6/6
  3924 | D:3      | Paralysed by Grinder for 4 turns
  3934 | D:3      | Paralysed by Grinder for 4 turns
  3946 | D:3      | Paralysed by Grinder for 2 turns
  3959 | D:3      | Killed Grinder
  3960 | D:3      | Gained mutation: Your demonic aura sometimes causes spilled
                  | blood to erupt in flames. [demonic ancestry]
  3960 | D:3      | Reached XP level 7. HP: 40/53 MP: 7/7
  4412 | D:2      | Bought 2 scrolls of identify for 48 gold pieces
  4412 | D:2      | Bought a scroll of magic mapping for 42 gold pieces
  4587 | D:4      | Found Zin's Purification Station.
  5333 | D:5      | Entered Level 5 of the Dungeon
  5340 | D:5      | Reached skill level 4 in Fighting
  5811 | D:5      | Reached XP level 8. HP: 53/61 MP: 8/8
  5916 | D:5      | Noticed Blork the orc
  5920 | D:5      | Killed Blork the orc
  5980 | D:5      | Found a staircase to the Ecumenical Temple.
  5989 | Temple   | Entered the Ecumenical Temple
  6225 | D:5      | Reached skill level 5 in Fighting
  6225 | D:5      | Reached skill level 5 in Axes
  6225 | D:5      | Reached skill level 5 in Dodging
  6633 | D:2      | Bought a scroll of blinking for 90 gold pieces
  6805 | D:5      | Reached skill level 5 in Throwing
  6966 | D:5      | Identified the +5 ring mail of Cyratz {Contam Int+8}
  7191 | D:6      | Found a hazy altar of Hepliaklqana.
  7211 | D:6      | Gained mutation: You are mostly covered in sharp spines.
                  | [demonic ancestry]
  7211 | D:6      | Reached XP level 9. HP: 41/68 MP: 9/9
  7549 | D:6      | Found Qeddeqaw's Assorted Antiques.
  7564 | D:6      | Found Walotush's General Store.
  7569 | D:6      | Found Unoal's Antique Weapon Boutique.
  7661 | D:6      | Found a bloodstained altar of Trog.
  7836 | D:6      | Reached skill level 6 in Fighting
  7836 | D:6      | Reached skill level 5 in Armour
  7966 | D:6      | Found Xekkumy's Weapon Shoppe.
  7976 | D:6      | Bought 3 datura-tipped darts for 14 gold pieces
  8057 | D:6      | Found Akupn's Magic Scroll Emporium.
  8062 | D:6      | Bought a scroll of identify for 24 gold pieces
  8062 | D:6      | Bought a scroll of identify for 24 gold pieces
  8187 | D:7      | Found an iron altar of Okawaru.
  8270 | D:7      | Found a shimmering blue altar of Sif Muna.
  8340 | D:7      | Identified the +1 scale mail of Gawes {rF+}
  8407 | D:7      | Found a radiant altar of Vehumet.
  8540 | D:7      | Found a shadowy altar of Dithmenos.
  9039 | D:8      | Noticed a two-headed ogre
  9040 | D:8      | Gained mutation: You have very sharp fingernails. [demonic
                  | ancestry]
  9040 | D:8      | Reached XP level 10. HP: 43/77 MP: 10/10
  9255 | D:8      | Killed a two-headed ogre
  9467 | D:8      | Reached skill level 7 in Fighting
  9775 | D:8      | Found an opulent altar of Gozag.
  9800 | D:8      | Became a worshipper of Gozag Ym Sagoz the Greedy
 10197 | D:9      | You fall into a shaft and drop 3 floors!
 10197 | D:12     | Noticed a gargoyle
 10197 | D:12     | Found Yqunawiu's Armour Emporium.
 10214 | D:12     | Killed a gargoyle
 10426 | D:11     | Found a staircase to the Lair.
 10426 | D:11     | Noticed an elephant
 10472 | D:11     | Killed an elephant
 10483 | D:11     | Gained mutation: When seriously injured, your blood forms
                  | armour. (AC +6) [demonic ancestry]
 10483 | D:11     | Reached XP level 11. HP: 83/86 MP: 11/11
 10493 | D:11     | Reached skill level 8 in Fighting
 10611 | D:11     | Noticed a two-headed ogre
 10613 | D:10     | Entered Level 10 of the Dungeon
 10703 | D:9      | Found a flagged portal.
 10714 | Bailey   | Entered a bailey
 10797 | Bailey   | Noticed a vault guard
 10797 | Bailey   | Noticed Prince Ribbit
 10800 | Bailey   | Killed Prince Ribbit
 10813 | Bailey   | Killed a vault guard
 10900 | Bailey   | Noticed a vault guard
 10917 | Bailey   | Killed a vault guard
 10938 | Bailey   | Reached skill level 11 in Fighting
 10938 | Bailey   | Reached XP level 12. HP: 102/102 MP: 12/12
 11255 | D:9      | Found a blossoming altar of Fedhas.
 11315 | D:9      | Reached skill level 12 in Fighting
 11399 | D:9      | Found an ornate altar of the Wu Jian Council.
 11492 | D:10     | Found a staircase to the Orcish Mines.
 11614 | D:10     | Found a broken altar of Ashenzari.
 11621 | D:10     | Found an ancient bone altar of Kikubaaqudgha.
 11963 | D:10     | Noticed Nergalle
 11977 | D:10     | Killed Nergalle
 12111 | D:10     | Found Heinrich's Dragon-Slaying Spoils.
 12357 | D:10     | Killed a two-headed ogre
 12425 | Lair:1   | Entered Level 1 of the Lair of Beasts
 12609 | D:11     | Gained mutation: You have claws for hands. [demonic
                  | ancestry]
 12609 | D:11     | Reached XP level 13. HP: 81/109 MP: 13/13
 12801 | D:11     | Found a runed translucent door.
 13035 | D:11     | Noticed Mikheshra's ghost (journeyman NaCK)
 13305 | D:10     | Bought +0 gold dragon scales for 1280 gold pieces
 13521 | Lair:1   | Found a broken altar of Ashenzari.
 13522 | Lair:1   | You fall into a shaft and drop 1 floor!
 13636 | Lair:1   | Reached skill level 1 in Evocations
 14300 | D:6      | Bought an ichor-stained spear for 208 gold pieces
 14300 | D:6      | Identified the +2 spear "Doel" {drain, rPois rF- rC+ Dex+7}
                  | (You bought it in a shop on level 6 of the Dungeon)
 15271 | Lair:2   | Noticed Maggie
 15283 | Lair:2   | Killed Maggie
 15293 | Lair:2   | Reached skill level 13 in Fighting
 15707 | Lair:2   | Found a staircase to the Swamp.
 16353 | Lair:3   | Identified the +0 ring mail of the Meadowlark {Regen+ Str+2
                  | Int-2}
 16412 | Lair:3   | Found a hole to the Spider Nest.
 16759 | Lair:4   | Found a hide-covered altar of Uskayaw.
 16929 | Lair:4   | Reached XP level 14. HP: 118/118 MP: 14/14
 17372 | D:6      | Bought a runed fustibalus for 468 gold pieces
 17707 | Lair:4   | Reached skill level 10 in Dodging
 17813 | Lair:4   | Reached skill level 10 in Axes
 18271 | Lair:5   | Identified the +1 plate armour of Vehumet's Vengeance
                  | {SInv}
 18455 | Lair:5   | Reached skill level 5 in Evocations
 18493 | Lair:5   | Found a transporter.
 18605 | Lair:5   | Found a transporter.
 18650 | Lair:5   | Found a staircase to the Slime Pits.
 18813 | Lair:5   | Noticed a quicksilver ooze
 18821 | Lair:5   | Killed a quicksilver ooze
 18822 | Lair:5   | Reached skill level 10 in Throwing
 19260 | Lair:5   | Noticed flotson's ghost (journeyman DsGl)
 19261 | Lair:5   | Found a bloodstained altar of Trog.
 19392 | Lair:6   | Entered Level 6 of the Lair of Beasts
 19819 | Lair:6   | Reached skill level 10 in Armour
 20183 | Lair:6   | Identified the +1 scale mail of the Unbroken {rC+ Dex+4
                  | Stlth+}
 20678 | Lair:6   | Reached skill level 14 in Fighting
 20802 | Lair:6   | Gained mutation: Your demonic aura often causes spilled
                  | blood to erupt in flames. [demonic ancestry]
 20802 | Lair:6   | Reached XP level 15. HP: 99/126 MP: 15/15
 21194 | Lair:5   | Demolished by a spriggan rider

Illustrated notes

Levels and vault maps discovered:
D:1:      arrival_aquarium_b, layout_loops_cross,
          hellmonk_ecumenical_altar_zigzags, serial_forest,
          infiniplex_forest_straight_4, infiniplex_forest_lined_2,
          infiniplex_forest_diagonal, infiniplex_forest_straight_2,
          chequers_serial_rivers_large_a, fountainhead
D:2:      wander_river, layout_basic, basic_altar, serial_shops,
          nicolae_shop_hallway_stairs
D:3:      layout_loops_ring, uniq_grinder
D:4:      mumra_celtic_spiral_tile, layout_loops_corners, zin_purify
D:5:      layout_basic, temple_hall, serial_curves, eino_curves_03,
          eino_curves_04, eino_curves_02, eino_curves_02, serial_bayou_pond_a,
          uniq_blork_the_orc
D:6:      layout_basic, old_standard_altar, mainiacjoe_overflow_24_doors,
          serial_shops, nicolae_shop_bloodbath_and_beyond, shop,
          nicolae_shop_hallway_plus, nicolae_shop_waterfront, shop
D:7:      cheibrodos_quashed, layout_rooms, okawaru_trees_2,
          mainiacjoe_overflow_boulevard, mainiacjoe_overflow_cross_hatched,
          fiery_altar_vehumet
D:8:      layout_basic, nicolae_gozag_cash_rules_everything_around_me
D:9:      layout_rooms, tgw_fedhas, pdpol_wu_jian_five_deadly_venoms,
          enter_bailey_5
D:10:     layout_rooms, mainiacjoe_overflow_big_doors, tso_metal_star,
          david_orc_2, roderic_lattice_a, nicolae_shop_dragon_depot,
          kennysheep_generic_room_2, uniq_nergalle
D:11:     layout_loops_ring, david_lair_generic, ebering_ghost_reflecting_pool,
          serial_glass, glass_columns_a, glass_columns_c, due_unseen_surprise
D:12:     layout_long_grid, serial_shops, nicolae_diamond_shop, shop,
          nicolae_shop_stone, kennysheep_mini, statue_in_the_mist_lemuel
Temple:   nicolae_temple_figure_zero
Lair:1:   wad_woods_minihive, layout_loops_ring, basic_altar,
          cheibrodos_lair_lostbears, lemuel_fruit_tree,
          infiniplex_staircase_pool
Lair:2:   layout_misc_corridors, swamp_mist, serial_bayou_pond_c,
          infiniplex_staircase_pool_2, lemuel_fruit_fields,
          serial_bayou_shore_a, grunt_megastairs_5, uniq_maggie
Lair:3:   layout_layer_cave, nicolae_spider_entry_orb_guardian
Lair:4:   layout_cave_pods, basic_altar
Lair:5:   layout_gridlike, nicolae_slime_entry_slimehenge,
          gammafunk_ghost_wrathful_warriors, nicolae_lair_time_for_slime,
          grunt_megastairs_1
Lair:6:   evilmike_catoblepas_cave, layout_regular_city, fungi_pond_lemuel,
          grunt_forest_large_clearing_hut

Skill      XL: |  1  2  3  4  5  6  7  8  9 10 11 12 13 14 |
---------------+-------------------------------------------+-----
Throwing       | 2 3 4 5 6 7 8 9 10 | 10.5
Axes           | 3 4 5 6 7 8 9 10 | 10.7
Dodging        | 3 4 5 6 7 8 9 10 | 10.8
Armour         | 1 2 3 4 5 6 7 8 9 10 | 10.3
Fighting       | 3 4 5 6 7 11 12 13 14 | 14.0
Evocations     | 4 6 |  6.4

Action                   |  1- 3 |  4- 6 |  7- 9 | 10-12 | 13-15 || total
-------------------------+-------+-------+-------+-------+-------++-------
Melee: War axe           |    57 |       |       |       |    36 ||    93
       Punch             |     3 |     1 |     1 |     9 |    13 ||    27
       Dagger            |    36 |    83 |       |       |       ||   119
       Flail             |       |       |   113 |   358 |   222 ||   693
       Spear             |       |       |       |       |    74 ||    74
       Broad axe         |       |       |       |       |   297 ||   297
 Fire: Shortbow          |       |    70 |    18 |       |       ||    88
       Hand crossbow     |       |       |   128 |     4 |    26 ||   158
       Fustibalus        |       |       |       |       |   167 ||   167
Throw: Dart              |       |     5 |       |    11 |     4 ||    20
       Throwing net      |       |     3 |       |     2 |       ||     5
Evoke: Wand              |       |       |       |     3 |       ||     3
  Use: Scroll            |       |       |     5 |     8 |     8 ||    21
       Potion            |       |       |       |     1 |     1 ||     2
 Stab: Sleeping          |     1 |       |       |       |       ||     1
       Held in net/web   |       |     2 |       |       |       ||     2
       Distracted        |       |       |       |     4 |     7 ||    11
Armor: Leather armour    |    40 |     7 |       |       |       ||    47
       Chain mail        |       |    16 |       |       |       ||    16
       Ring mail         |       |     4 |    51 |   172 |    18 ||   245
       Scale mail        |       |       |    25 |       |       ||    25
       Gold dragon scale |       |       |       |       |   591 ||   591
Dodge: Dodged            |    56 |    57 |   117 |   290 |   238 ||   758
       Repelled          |       |       |       |     9 |     1 ||    10

Table legend: (Time is in decaauts)
 A = Elapsed time spent in this place.
 B = Non-inter-level travel time spent in this place.
 C = Inter-level travel time spent in this place.
 D = Time resting spent in this place.
 E = Time spent auto-exploring this place.
 F = Levels seen in this place.
 G = Mean time per level.
                   A        B        C        D        E       F      G
               +--------+--------+--------+--------+--------+-----+--------+
         Total |  21590 |  19647 |   1943 |    407 |  15120 |  20 | 1079.5 |
       Dungeon |  13604 |  12236 |   1368 |    210 |   9698 |  12 | 1133.7 |
        Temple |    123 |    113 |     10 |      0 |    113 |   1 |  123.0 |
          Lair |   7562 |   6997 |    565 |    196 |   5132 |   6 | 1260.3 |
        Bailey |    300 |    300 |      0 |      0 |    177 |   1 |  300.0 |
               +--------+--------+--------+--------+--------+-----+--------+

Top non-repeatable levels by time:
     D:4: 1796 daAuts
  Lair:6: 1548 daAuts
  Lair:1: 1545 daAuts
     D:3: 1542 daAuts
  Lair:5: 1498 daAuts
     D:2: 1398 daAuts
    D:10: 1390 daAuts
     D:8: 1351 daAuts
     D:5: 1290 daAuts
    D:11: 1267 daAuts
     D:1: 1140 daAuts
     D:6: 1067 daAuts
  Lair:2: 1033 daAuts
  Lair:4: 1032 daAuts
  Lair:3: 904 daAuts
